Map: Dragon Scales LE

Players

winzboy

  • Race: Protoss Protoss
  • League: Gold
  • Spawn Location: 5:00

lava - Winner!

  • Race: Zerg Zerg
  • League: Gold
  • Spawn Location: 11:00

VOD

Have the link to the VOD?

Description

Time

  • Played on: May 26, 2023, 11:34 p.m.
  • Length: 11:34
Show
View Real Time Build Order
Export as new Build Order

winzboy Protoss 

Build Orders: 1 Gate Expand 

Get SALT Encoding   

  12  0:01  Probe  
  13  0:14  Probe  
  13  0:19  Pylon  
  14  0:26  Probe  
  15  0:41  Gateway  
  15  0:45  Probe (Chrono Boost)  
  15  0:47  Assimilator  
  16  0:55  Probe (Chrono Boost)  
  17  1:00  Probe (Chrono Boost)  
  18  1:11  Probe  
  19  1:23  Probe  
  20  1:29  Cybernetics Core  
  20  1:43  Nexus  
  20  1:50  Pylon  
  20  1:53  Probe  
  21  2:01  Assimilator  
  21  2:03  Adept  
  21  2:09  Probe  
  21  2:11  Warp Gate (Chrono Boost)  
  24  2:21  Probe  
  25  2:33  Probe  
  26  2:37  Stalker  
  28  2:45  Probe  
  29  2:56  Probe  
  29  2:57  Probe  
  31  3:05  Robotics Facility  
  31  3:08  Probe  
  32  3:13  Gateway  
  32  3:17  Gateway  
  32  3:23  Pylon  
  31  3:34  Assimilator  
  31  3:36  Probe  
  31  3:38  Assimilator  
  31  3:41  Pylon  
  32  3:49  Probe (Chrono Boost)  
  32  3:50  Probe (Chrono Boost)  
  34  3:58  Stalker  
  34  4:00  Probe x2 (Chrono Boost)  
  38  4:04  Probe (Chrono Boost)  
  38  4:05  Probe (Chrono Boost)  
  40  4:11  Adept  
  40  4:14  Observer (Chrono Boost)  
  40  4:15  Probe  
  40  4:16  Probe  
  45  4:24  Stalker  
  45  4:25  Stalker  
  45  4:27  Probe  
  50  4:33  Immortal (Chrono Boost)  
  54  4:39  Probe  
  54  4:40  Probe  
  56  4:51  Probe  
  56  4:52  Probe, Pylon  
  58  4:53  Stalker  
  58  4:58  Adept  
  62  5:11  Stalker  
  65  5:21  Probe x2, Twilight Council  
  65  5:24  Pylon  
  65  5:27  Pylon  
  66  5:35  Zealot x2  
  70  5:51  Gateway  
  70  5:52  Pylon  
  70  5:53  Pylon  
  70  5:56  Gateway x2  
  70  6:11  Adept x2  
  70  6:12  Adept  
  76  6:33  Charge (Chrono Boost)  
  76  6:43  Gateway  
  76  6:44  Probe x2, Gateway x2  
  78  6:47  Gateway  
  78  6:52  Zealot x3  
  78  6:53  Zealot  
  86  6:56  Probe x2  
  88  7:04  Zealot  
  88  7:05  Zealot  
  92  7:11  Templar Archives  
  92  7:22  Probe, Pylon  
  93  7:23  Probe  
  93  7:24  Zealot  
  93  7:25  Pylon, Zealot  
  93  7:27  Pylon  
  98  7:36  Zealot x2  
  102  7:49  Zealot  
  104  7:52  High Templar x3  
  104  7:53  High Templar x3  
  116  8:01  Zealot  
  116  8:02  Zealot  
  120  8:06  Nexus  
  120  8:10  Pylon  
  120  8:15  Probe x2, Pylon  
  122  8:26  Archon x2  
  122  8:27  Archon  
  122  8:28  High Templar  
  122  8:29  High Templar  
  126  8:36  Zealot  
  126  8:37  Zealot x3  
  126  8:38  Zealot  
  130  8:54  Zealot  
  130  8:55  Zealot  
  132  9:10  Zealot  
  132  9:11  Zealot  
  132  9:15  Stalker  
  132  9:16  Stalker x2  
  108  9:38  Zealot  
  108  9:39  Zealot x2  
  57  10:01  Zealot x3  
  57  10:02  Zealot x2  
  57  10:03  Zealot x2  
  71  10:09  Zealot  
  71  10:10  Zealot  
  53  10:24  Zealot  
  53  10:25  Zealot x3  
  53  10:26  Zealot x3  
  50  10:43  Zealot  
  50  10:44  Zealot  
  50  10:45  Zealot x2  
  50  10:46  Zealot x2  
  43  11:02  Zealot  
  33  11:11  Zealot x3  
  24  11:12  Zealot x3  
  23  11:26  Zealot  
Show
View Real Time Build Order
Export as new Build Order

lava Zerg - Winner!

Build Orders: Hatch First 

Get SALT Encoding   

  12  0:00  Drone  
  13  0:08  Drone  
  14  0:16  Overlord  
  14  0:21  Extractor  
  13  0:24  Drone  
  15  0:49  Hatchery, Drone  
  15  0:53  Drone  
  16  1:08  Spawning Pool  
  16  1:10  Drone  
  16  1:15  Drone  
  17  1:24  Extractor, Drone x2  
  18  1:52  Drone x2  
  20  2:05  Zergling x4  
  20  2:07  Queen x2  
  26  2:28  Hatchery, Metabolic Boost  
  25  2:33  Overlord  
  25  2:40  Overlord  
  26  2:51  Drone x3  
  28  3:10  Queen  
  28  3:11  Queen  
  31  3:30  Drone x5  
  31  3:31  Drone  
  36  3:34  Drone x3  
  36  3:37  Drone  
  40  3:54  Drone x6  
  46  4:06  Queen x2  
  50  4:12  Overlord  
  50  4:17  Extractor  
  50  4:18  Drone  
  50  4:19  Extractor  
  50  4:20  Drone  
  50  4:30  Queen  
  52  4:34  Drone  
  52  4:36  Drone x3  
  56  5:00  Roach Warren, Lair  
  56  5:01  Evolution Chamber  
  56  5:03  Evolution Chamber  
  56  5:04  Drone  
  56  5:05  Drone x4  
  58  5:08  Overlord x5  
  58  5:19  Extractor  
  58  5:20  Extractor, Drone  
  57  5:34  Zerg Missile Weapons Level 1, Zerg Ground Armor Level 1  
  57  5:41  Roach x7  
  57  5:42  Roach x2  
  75  6:02  Drone x3  
  75  6:03  Drone x3  
  81  6:04  Overlord  
  81  6:05  Overlord x4  
  81  6:07  Overseer  
  81  6:10  Ravager  
  81  6:11  Ravager x4  
  86  6:26  Roach x2  
  86  6:27  Glial Reconstitution  
  86  6:31  Overlord  
  90  6:34  Roach, Hatchery  
  91  6:47  Drone x2  
  91  6:48  Extractor, Drone  
  91  6:49  Drone x3  
  91  6:50  Drone  
  91  6:52  Overlord x2  
  97  7:16  Roach  
  97  7:17  Roach x9  
  117  7:31  Zerg Missile Weapons Level 2, Zerg Ground Armor Level 2  
  117  7:34  Roach x2  
  117  7:35  Roach  
  123  7:46  Roach  
  123  7:47  Roach x4  
  133  7:58  Roach x3  
  135  7:59  Roach x3  
  145  8:06  Roach x3  
  143  8:27  Roach x6  
  143  8:28  Roach x3  
  143  8:32  Overlord  
  159  8:48  Roach x3  
  159  8:49  Roach x2  
  167  9:03  Ravager  
  168  9:12  Roach  
  168  9:13  Roach x3  
  168  9:15  Overlord x3  
  131  9:43  Roach  
  131  9:44  Roach x10  
  129  9:47  Ravager  
  129  9:49  Ravager  
  114  10:10  Roach  
  114  10:11  Roach x8  
  126  10:39  Roach  
  126  10:40  Roach x10  
  146  11:11  Roach  
  146  11:12  Roach x8  
Tags
 
Add a new tag
Caveats
  • Supply blocks, unpowered buildings, or Contaminate may cause inaccurate times.
  • Supply counts are checked every 10 seconds.